 Dungeon Sprint DCSS version 0.21.1-1-g345015f (webtiles) character file.

7413 wilfster70 the Imperceptible (level 10, -17/76 HPs)
             Began as a Vampire Enchanter on Apr 4, 2018.
             Was a High Priest of Wu Jian.
             Demolished by a lorocyproca (33 damage)
             ... in the Dungeon (Sprint I: "Red Sonja").
             The game lasted 00:14:59 (1290 turns).

wilfster70 the Imperceptible (Vampire Enchanter)    Turns: 1290, Time: 00:15:00

Health: -17/76     AC: 12    Str: 13    XL:     10   Next: 93%
Magic:  23/23      EV:  9    Int: 25    God:    Wu Jian [*****.]
Gold:   369        SH:  0    Dex: 14    Spells: 17/28 levels left

rFire    . . .     SeeInvis +   a - +1 dagger
rCold    + . .     Gourm    .   (no shield)
rNeg     + + .     Faith    .   m - +0 ice dragon scales
rPois    .         Spirit   .   t - +2 helmet {Int+3}
rElec    .         Reflect  .   u - scarf {cloud immunity}
rCorr    .         Harm     .   (no gloves)
MR       +....     NoTele   +   (no boots)
Stlth    +++++++...             (no amulet)
HPRegen  0.22/turn              p - ring "Buremmag" {Fire rN+ Str+6}
MPRegen  0.18/turn              (no ring)

@: no status effects
A: fangs 3, see invisible, unbreathing
a: Bat Form, Wall Jump, Serpent's Lash, Heavenly Storm, Renounce Religion


You were in the Dungeon.
You worshipped Wu Jian.
Wu Jian was extremely pleased with you.
You were not thirsty.

You visited 1 branch You collected 1234 gold pieces.
You spent 865 gold pieces at shops.

Inventory:

Hand Weapons
 a - a +1 dagger (weapon)
Armour
 b - a +0 robe
 l - a scarf of spirit shield
 m - +0 ice dragon scales (worn)
 t - a +2 helmet of intelligence (worn)
 u - a scarf of cloud immunity (worn)
Jewellery
 p - the ring "Buremmag" (left hand) {Fire rN+ Str+6}
   (You found it in the Dungeon)

   [ring of fire]

   It enhances your fire magic.
   It affects your strength (+6).
   It protects you from fire.
   It makes you vulnerable to cold.
   It protects you from negative energy.
Wands
 i - a wand of polymorph (8)
Scrolls
 j - a scroll of blinking
 k - a scroll of remove curse {unknown}
 o - a scroll of amnesia {unknown}
 q - a scroll of magic mapping {unknown}
Potions
 e - a potion of curing
 g - 2 potions of haste
 h - 2 potions of magic
 n - 2 potions of flight {unknown}
 r - a potion of berserk rage
Books
 c - a book of Maledictions

   Spells                             Type                      Level
   a - Corona                         Hexes                        1
   b - Ensorcelled Hibernation        Hexes/Ice                    2
   c - Confuse                        Hexes                        3
   d - Tukima's Dance                 Hexes                        3
   e - Dazzling Spray                 Conjuration/Hexes            3
 s - a book of Necromancy

   Spells                             Type                      Level
   a - Pain                           Necromancy                   1
   b - Animate Skeleton               Necromancy                   1
   c - Vampiric Draining              Necromancy                   3
   d - Regeneration                   Charms/Necromancy            3
   e - Animate Dead                   Necromancy                   4
   f - Borgnjor's Vile Clutch         Necromancy/Earth             5


   Skills:
 - Level 6.0 Fighting
 - Level 10.0 Short Blades
 - Level 2.0 Armour
 - Level 2.1 Dodging
 - Level 23.5 Stealth
 - Level 9.7 Spellcasting
 - Level 9.8 Hexes
 + Level 6.8 Necromancy
 - Level 8.3 Ice Magic
 + Level 6.2 Earth Magic


You had 17 spell levels left.
You knew the following spells:

 Your Spells              Type           Power        Failure   Level  Hunger
a - Corona                Hex            ######.      1%          1    None
b - Ensorcelled Hibernat  Hex/Ice        ######       1%          2    None
c - Confuse               Hex            ######..     1%          3    None
d - Borgnjor's Vile Clut  Necr/Erth      #####.....   52%         5    ####...


Dungeon Overview and Level Annotations

Branches:
Dungeon (1/1)

Altars:
Cheibriados
Dithmenos
Elyvilon
Fedhas
Gozag
Hepliaklqana
Kikubaaqudgha
Makhleb
Nemelex Xobeh
Okawaru
Qazlal
Ru
Sif Muna
Trog
Uskayaw
Vehumet
Wu Jian
Xom
Yredelemnul
Zin
The Shining One
Jiyva
Lugonu

Shops:
D (!(=%(}*}*=?:[([=


Innate Abilities, Weirdness & Mutations

You have razor-sharp teeth.
You have supernaturally acute eyesight. (SInv)
You can survive without breathing.


Message History

An arrow shoots out and hits you!
There is an arrow trap here.
An arrow hits the lorocyproca, but does no damage!
There is an open door here.
You repeatedly attack the lorocyproca from above.
You closely miss the lorocyproca.
The lorocyproca is lightly wounded.
You hit the lorocyproca but do no damage.
Your bite misses the lorocyproca.
The lorocyproca is lightly wounded.
You hit the lorocyproca.
You bite the lorocyproca, but do no damage.
The lorocyproca is lightly wounded.
You hit the lorocyproca but do no damage.
The lorocyproca is lightly wounded.
The meliai mumbles some strange prayers to its god against you.
Something smites you!
* * * LOW HITPOINT WARNING * * *
The lorocyproca closely misses you. The lorocyproca hits you!!
You die...

######################
'..#__#..'.).#..#§§.§+
#..'..'..#)..##'#§####
##+#__####...'..#§# ###
.#.####§§#####..§§#+#$###
##s#≈§§§§#§§##'####..$#y#
#_.'≈§§§§§.§#..2§§#..$###
.._#≈≈§§)#..#..§@§§..$$$#
.#'##+#####'###§§§#^....#
'#[#.s..###.'.#§§§###++##
.####s###.###.#..##
..'..[..'.∩##.#..#
)s###########§##+#
.###......†##§# +#
#.......†§§# #'''######§#


You could see a lorocyproca (invisible) and a meliai.

Vanquished Creatures
  2 centaur warriors (D)
  Sonja (D)
  A deep troll (D)
  2 unseen horrors (D)
  A lindwurm (D)
  An oklob plant (D)
  2 kobold demonologists (D)
  A gargoyle (D)
  A demonic crawler (D)
  A hornet (D)
  A slime creature (D)
  2 redbacks (D)
  A yak (D)
  Sigmund (D)
  2 floating eyes (D)
  7 necrophages (D)
  An ogre (D)
  8 jellies (D)
  Ijyb (D)
37 creatures vanquished.

Vanquished Creatures (others)
  A gargoyle (D)
1 creature vanquished.

Grand Total: 38 creatures vanquished

Notes
Turn   | Place    | Note
-------+----------+-------------------------------------------
     0 | D        | wilfster70 the Vampire Enchanter began the quest for the Orb.
     0 | D        | Reached XP level 1. HP: 13/13 MP: 3/3
     3 | D        | Noticed Ijyb
    15 | D        | Killed Ijyb
    15 | D        | Reached skill level 7 in Stealth
    15 | D        | Reached XP level 2. HP: 19/19 MP: 4/6
    22 | D        | Killed a gargoyle
    25 | D        | Learned a level 2 spell: Ensorcelled Hibernation
    95 | D        | Noticed an ogre
    98 | D        | Killed an ogre
    98 | D        | Reached skill level 10 in Stealth
    98 | D        | Reached XP level 3. HP: 24/24 MP: 7/9
    98 | D        | Reached XP level 4. HP: 30/30 MP: 7/10
   131 | D        | Noticed Sigmund
   134 | D        | Killed Sigmund
   134 | D        | Reached skill level 13 in Stealth
   134 | D        | Reached skill level 5 in Spellcasting
   134 | D        | Reached XP level 5. HP: 35/35 MP: 11/13
   139 | D        | Learned a level 3 spell: Confuse
   150 | D        | Found a deep blue altar of Sif Muna.
   151 | D        | Found an ornate altar of the Wu Jian Council.
   152 | D        | Found a radiant altar of Vehumet.
   156 | D        | Reached skill level 1 in Ice Magic
   156 | D        | Reached XP level 6. HP: 41/41 MP: 10/15
   160 | D        | Became a worshipper of the Wu Jian Council
   163 | D        | Found Cumpus's Distillery.
   163 | D        | Found an ancient bone altar of Kikubaaqudgha.
   163 | D        | Found a hazy altar of Hepliaklqana.
   163 | D        | Found a stormy altar of Qazlal.
   163 | D        | Found a hide-covered altar of Uskayaw.
   163 | D        | Found a blossoming altar of Fedhas.
   163 | D        | Found a bloodstained altar of Trog.
   163 | D        | Found an iron altar of Okawaru.
   163 | D        | Found a basalt altar of Yredelemnul.
   163 | D        | Found a glowing golden altar of the Shining One.
   163 | D        | Found a snail-covered altar of Cheibriados.
   163 | D        | Found a sacrificial altar of Ru.
   163 | D        | Found a glowing silver altar of Zin.
   163 | D        | Found a shadowy altar of Dithmenos.
   163 | D        | Found a white marble altar of Elyvilon.
   163 | D        | Noticed a yak
   164 | D        | Found an opulent altar of Gozag.
   164 | D        | Killed a yak
   164 | D        | Reached skill level 15 in Stealth
   189 | D        | Noticed Sonja
   192 | D        | Killed Sonja
   192 | D        | Reached skill level 17 in Stealth
   192 | D        | Reached skill level 5 in Ice Magic
   192 | D        | Reached XP level 7. HP: 46/46 MP: 16/18
   192 | D        | Reached XP level 8. HP: 52/52 MP: 16/19
   212 | D        | Found a sparkling altar of Nemelex Xobeh.
   227 | D        | Found Ored's Antique Weapon Boutique.
   247 | D        | Noticed a deep troll
   250 | D        | Killed a deep troll
   250 | D        | Reached * piety under Wu Jian
   250 | D        | Reached skill level 18 in Stealth
   257 | D        | Found Amyok's Armour Emporium.
   419 | D        | Noticed a centaur warrior
   419 | D        | Noticed a centaur warrior
   421 | D        | Killed a centaur warrior
   421 | D        | Reached skill level 19 in Stealth
   421 | D        | Reached XP level 9. HP: 57/57 MP: 20/22
   423 | D        | Killed a centaur warrior
   423 | D        | Reached skill level 20 in Stealth
   426 | D        | Reached ** piety under Wu Jian
   426 | D        | Reached skill level 1 in Fighting
   436 | D        | Noticed an oklob plant
   440 | D        | Killed an oklob plant
   440 | D        | Reached skill level 21 in Stealth
   448 | D        | Reached *** piety under Wu Jian
   448 | D        | Reached skill level 10 in Short Blades
   483 | D        | Noticed an unseen horror
   484 | D        | Noticed an unseen horror
   487 | D        | Killed an unseen horror
   487 | D        | Reached skill level 22 in Stealth
   487 | D        | Reached XP level 10. HP: 70/73 MP: 18/23
   491 | D        | Killed an unseen horror
   491 | D        | Reached skill level 5 in Fighting
   493 | D        | Reached **** piety under Wu Jian
   495 | D        | Reached skill level 23 in Stealth
   522 | D        | Reached ***** piety under Wu Jian
   703 | D        | Found Ynkuli's Jewellery Shoppe.
   704 | D        | Found Ugro's Armour Boutique.
   704 | D        | Found Yclunkak's Weapon Emporium.
   704 | D        | Found Ynuilo's Food Boutique.
   705 | D        | Found Ewky's Jewellery Emporium.
   743 | D        | Reached skill level 1 in Armour
   762 | D        | Got a vibrating granite ring
   763 | D        | Identified the ring "Buremmag" {Fire rN+ Str+6} (You found it in the Dungeon)
   773 | D        | Found Gewubau's Weapon Shop.
   775 | D        | Found Xyheocuo's Weapon Emporium.
   775 | D        | Found Fintu's Gadget Shop.
   775 | D        | Found Obautoul's Assorted Antiques.
   775 | D        | Found Qiasik's Gadget Boutique.
   775 | D        | Found Wudghu's General Store.
   775 | D        | Found Axtiogg's Jewellery Shop.
   775 | D        | Found Qenledgha's Magic Scroll Shoppe.
   779 | D        | Found Tiamitru's Book Boutique.
   782 | D        | Bought a glowing helmet for 195 gold pieces
   794 | D        | Bought a +2 helmet of intelligence for 279 gold pieces
   794 | D        | Bought a scarf of cloud immunity for 91 gold pieces
   813 | D        | Bought a book of Necromancy for 300 gold pieces
   819 | D        | Learned a level 5 spell: Borgnjor's Vile Clutch
   854 | D        | Found a viscous altar of Jiyva.
   854 | D        | Found a corrupted altar of Lugonu.
   855 | D        | Found a burning altar of Makhleb.
   855 | D        | Found a shimmering altar of Xom.
   856 | D        | Reached skill level 1 in Earth Magic
   877 | D        | Reached ****** piety under Wu Jian
   932 | D        | Reached skill level 5 in Necromancy
  1257 | D        | Noticed a lindwurm
  1260 | D        | Killed a lindwurm
  1260 | D        | Reached skill level 5 in Earth Magic
  1272 | D        | Noticed a gargoyle
  1276 | D        | Killed a gargoyle
  1278 | D        | Noticed a lorocyproca
  1290 | D        | Demolished by a lorocyproca

Skill      XL: |  1  2  3  4  5  6  7  8  9 10 |
---------------+-------------------------------+-----
Stealth        | 7 10 13 17 19 22 23 | 23.5
Spellcasting   | 3 4 5 6 7 9 |  9.7
Hexes          | 6 7 9 |  9.8
Ice Magic      | 1 5 7 8 |  8.3
Short Blades   | 6 8 10 | 10.0
Fighting       | 4 6 |  6.0
Armour         | 2 |  2.0
Necromancy     | 6 |  6.8
Earth Magic    | 6 |  6.2
Dodging        | |  2.1

Action                   |  1- 3 |  4- 6 |  7- 9 | 10-12 || total
-------------------------+-------+-------+-------+-------++-------
Melee: Dagger            |    10 |     4 |    12 |    78 ||   104
       Bite              |     1 |       |       |     6 ||     7
 Cast: Ensorcelled Hiber |       |     2 |     2 |     9 ||    13
       Confuse           |       |       |     1 |    11 ||    12
Invok: Lunge             |       |     2 |     6 |    12 ||    20
       Whirlwind         |       |       |       |    13 ||    13
       Heavenly Storm    |       |       |       |     1 ||     1
       Wall Jump         |       |       |       |     1 ||     1
  Use: Potion            |     1 |       |       |     3 ||     4
 Stab: Sleeping          |     1 |     4 |     8 |    16 ||    29
       Confused          |       |       |     2 |     6 ||     8
Armor: Robe              |     1 |       |       |       ||     1
       Ice dragon scales |       |       |       |    26 ||    26
Dodge: Dodged            |       |     1 |       |    21 ||    22
